General information
- name: BNet
- type: Ladder 1vs1/FFA
- host: Battle.net
- saver: LORD_KAMAKAZIE
map: TheTwoRivers
- players: 2
- length: 33:16
- speed: Fast
- version: 1.26 W3XP
- replay type: Public
» download(87 KB)
Players
team 1 (winner)
LORD_KAMAKAZIE (
pink | 60 APM | 1997 actions | 33:16)
4 Archmage
2 Blizzard
2 Brilliance Aura
3 Blood Mage
2 Flame Strike
1 Siphon Mana
» actions
| Assign group hotkey | 15 | |
| Basic commands | 22 | |
| Build / train | 111 | |
| Enter build submenu | 79 | |
| Enter hero's abilities submenu | 7 | |
| Remove unit from queue | 1 | |
| Right click | 1076 | |
| Select / deselect | 437 | |
| Select group hotkey | 88 | |
| Use ability | 161 | |
1997 total
» units
| Peasant | 17 | |
| Siege Engine | 9 | |
| Sorceress | 1 | |
27 total
» upgrades
| Masonry | 3 | |
| Lumber Harvesting | 1 | |
| Magic Sentry | 1 | |
| Sorceress Training | 1 | |
| Gunpowder | 3 | |
| Plating | 3 | |
| Barrage | 1 | |
13 total
» buildings
| Altar of Kings | 1 | |
| Farm | 14 | |
| Lumber Mill | 1 | |
| Scout Tower | 59 | |
| Guard Tower | 43 | |
| Arcane Tower | 1 | |
| Arcane Vault | 2 | |
| Keep | 1 | |
| Town Hall | 1 | |
| Blacksmith | 2 | |
| Arcane Sanctum | 1 | |
| Castle | 1 | |
| Workshop | 3 | |
130 total
» build order
00:03 Altar of Kings
00:24 Farm
00:41 Lumber Mill
01:18 Scout Tower
01:21 Scout Tower
01:48 Farm
01:51 Guard Tower
02:09 Guard Tower
02:12 Scout Tower
02:18 Scout Tower
02:32 Scout Tower
02:36 Scout Tower
02:40 Guard Tower
02:50 Guard Tower
03:09 Guard Tower
03:12 Guard Tower
03:20 Scout Tower
03:22 Scout Tower
03:29 Scout Tower
03:30 Scout Tower
03:37 Scout Tower
03:55 Scout Tower
03:57 Scout Tower
04:02 Guard Tower
04:05 Guard Tower
04:10 Scout Tower
04:11 Scout Tower
04:14 Scout Tower
04:16 Scout Tower
04:19 Arcane Tower
04:23 Farm
04:29 Arcane Vault
04:32 Arcane Vault
04:35 Guard Tower
04:41 Guard Tower
04:53 Guard Tower
04:57 Guard Tower
05:03 Guard Tower
05:10 Guard Tower
05:16 Scout Tower
05:20 Scout Tower
05:30 Guard Tower
05:37 Guard Tower
05:48 Guard Tower
05:51 Scout Tower
05:54 Scout Tower
05:55 Scout Tower
05:59 Guard Tower
06:05 Scout Tower
06:07 Scout Tower
06:35 Keep
06:50 Guard Tower
06:56 Guard Tower
06:57 Guard Tower
07:29 Scout Tower
07:35 Scout Tower
07:37 Scout Tower
07:39 Guard Tower
07:47 Scout Tower
07:48 Scout Tower
07:49 Scout Tower
07:59 Guard Tower
08:14 Guard Tower
08:18 Scout Tower
08:19 Scout Tower
08:20 Scout Tower
08:24 Guard Tower
08:27 Guard Tower
08:34 Guard Tower
08:36 Scout Tower
09:14 Scout Tower
09:16 Scout Tower
09:17 Scout Tower
09:18 Scout Tower
09:20 Scout Tower
09:24 Guard Tower
09:31 Town Hall
10:02 Guard Tower
10:27 Guard Tower
11:22 Guard Tower
11:59 Guard Tower
12:01 Scout Tower
12:02 Scout Tower
12:05 Scout Tower
12:06 Scout Tower
12:28 Guard Tower
12:50 Guard Tower
13:01 Blacksmith
13:12 Guard Tower
13:16 Scout Tower
13:17 Scout Tower
13:20 Scout Tower
13:23 Scout Tower
13:26 Scout Tower
13:31 Scout Tower
13:51 Scout Tower
13:51 Scout Tower
13:53 Scout Tower
13:56 Scout Tower
13:57 Scout Tower
14:00 Scout Tower
14:09 Guard Tower
14:26 Guard Tower
14:27 Guard Tower
14:46 Guard Tower
15:11 Arcane Sanctum
16:31 Guard Tower
16:37 Castle
16:46 Guard Tower
16:46 Guard Tower
17:02 Workshop
17:08 Farm
17:10 Farm
18:10 Workshop
18:17 Workshop
18:43 Blacksmith
21:02 Farm
21:03 Farm
21:05 Farm
21:06 Farm
21:56 Farm
21:57 Farm
21:58 Farm
23:11 Farm
23:18 Farm
24:35 Scout Tower
24:36 Scout Tower
24:38 Scout Tower
24:42 Scout Tower
25:56 Guard Tower
» items
| Scroll of Regeneration | 10 | |
| Lesser Clarity Potion | 4 | |
14 total
team 2 (loser)

»
turbis26 (
yellow | 34 APM | 1115 actions | 33:13)
4 Far Seer
3 Feral Spirit
1 Chain Lighting
» actions
| Build / train | 42 | |
| Enter build submenu | 42 | |
| Enter hero's abilities submenu | 4 | |
| Give item / drop item | 1 | |
| Remove unit from queue | 7 | |
| Right click | 479 | |
| Select / deselect | 479 | |
| Use ability | 61 | |
1115 total
» units
| Peon | 13 | |
| Grunt | 4 | |
| Demolisher | 4 | |
| Wind Rider | 5 | |
| Spirit Walker | 2 | |
28 total
» upgrades
| Spiked Barricades | 1 | |
| Envenomed Spears | 1 | |
| Burning Oil | 1 | |
3 total
» buildings
| Barracks | 2 | |
| Orc Burrow | 11 | |
| Altar of Storms | 2 | |
| War Mill | 1 | |
| Watch Tower | 15 | |
| Stronghold | 1 | |
| Voodoo Lounge | 1 | |
| Beastiary | 2 | |
| Fortress | 1 | |
| Great Hall | 1 | |
| Spirit Lodge | 2 | |
39 total
» build order
00:37 Barracks
00:42 Orc Burrow
00:57 Altar of Storms
01:32 War Mill
02:09 Orc Burrow
02:42 Barracks
02:53 Orc Burrow
03:42 Orc Burrow
04:37 Orc Burrow
04:47 Watch Tower
05:00 Watch Tower
05:52 Watch Tower
05:56 Watch Tower
06:24 Stronghold
07:03 Voodoo Lounge
07:12 Watch Tower
07:27 Watch Tower
07:46 Watch Tower
07:53 Orc Burrow
08:03 Orc Burrow
08:49 Beastiary
10:22 Beastiary
11:25 Fortress
12:53 Watch Tower
13:56 Orc Burrow
14:15 Orc Burrow
15:00 Watch Tower
17:06 Watch Tower
18:12 Watch Tower
18:41 Watch Tower
21:25 Watch Tower
21:28 Watch Tower
21:32 Watch Tower
22:48 Great Hall
27:50 Orc Burrow
29:00 Orc Burrow
29:07 Spirit Lodge
29:15 Spirit Lodge
29:44 Altar of Storms
Chat log
(05:15 / All) turbis26: lol xD
(05:22 / All) LORD_KAMAKAZIE: hu
(05:24 / All) LORD_KAMAKAZIE: hi
(05:32 / All) LORD_KAMAKAZIE: whats lol
(06:37 / All) turbis26: tower power ;)
(06:45 / All) LORD_KAMAKAZIE: =]
(08:33 / All) turbis26: shit xD
(20:37 / All) LORD_KAMAKAZIE: hello
(22:51 / All) turbis26: hi
(24:04 / All) LORD_KAMAKAZIE: whats on your mind champ
(33:10 / All) turbis26: good job dude
(33:11 / All) LORD_KAMAKAZIE: o_O